 Dungeon Sprint DCSS version 0.16-a0-3803-gd4b2de5 (webtiles) character file.

17555 PolkaDot the Black Belt (level 12, -3/124 HPs)
             Began as a Grey Draconian Monk on Jan 26, 2015.
             Was the Champion of Okawaru.
             Killed from afar by a Hell Sentinel (63 damage)
             ... with an iron shot
             ... summoned by a lich
             ... in the Dungeon (Sprint IX: "|||||||||||||||||||||||||||||").
             The game lasted 00:12:52 (2746 turns).

PolkaDot the Black Belt (Grey Draconian Monk)       Turns: 2746, Time: 00:12:53

Health: -3/124     AC: 19    Str: 17    XL:     12   Next: 19%
Magic:  26/26      EV: 29    Int: 12    God:    Okawaru [******]
Gold:   1444       SH:  0    Dex: 17    Spells: 0 memorised, 11 levels left

rFire  . . .     SeeInvis .       - Unarmed
rCold  . . .     Clarity  .     (armour unavailable)
rNeg   . . .     SustAb   .     (no shield)
rPois  .         Gourm    .     z - +2 hat {god gift}
rElec  .         Spirit   .     (no cloak)
rCorr  .         Warding  .     k - +2 pair of gloves
rMut   .         NoTele   +     q - +0 pair of boots {run} {god gift}
MR     .....                    (no amulet)
Stlth  ++++......               n - +3 ring of strength
                                l - ring "Dydwon" {EV+4 Stlth+}

@: heroism, quick, not resistant to hostile enchantments, stealthy
A: walk through water, unfitting armour, unbreathing, cold-blooded, AC +13
a: Heroism, Finesse, Renounce Religion


You were in the Dungeon.
You worshipped Okawaru.
Okawaru was exalted by your worship.
You were hungry.

You visited 1 branch You collected 1947 gold pieces.
You spent 503 gold pieces at shops.

Inventory:

Missiles
 o - 2 throwing nets (quivered)
Armour
 k - a +2 pair of gloves (worn)
 q - a +0 pair of boots of running (worn) {god gift}
 z - a +2 hat (worn) {god gift}
Jewellery
 j - an uncursed ring of protection from cold
 l - the ring "Dydwon" (left hand) {EV+4 Stlth+}
   (You bought it in a shop in the Dungeon)

   [ring of evasion]

   It affects your evasion (+4).
   It makes you more stealthy.
 n - a +3 ring of strength (right hand)
Magical devices
 a - a wand of polymorph (16)
 u - a wand of confusion (10)
Scrolls
 g - 3 scrolls of remove curse
 h - 3 scrolls of blinking
 i - 2 scrolls of amnesia
 r - 2 scrolls of fog
 s - a scroll of recharging
 y - a scroll of fear
Potions
 c - 9 potions of curing
 e - 3 potions of haste
 f - 4 potions of magic
 v - a potion of might
 w - a potion of restore abilities
 x - a potion of brilliance
Comestibles
 b - 12 bread rations
 p - 40 fruits
 t - 12 meat rations


   Skills:
 + Level 16.8(21.8) Fighting
 + Level 11.9(16.9) Dodging
 - Level 1.7(6.7) Stealth
 * Level 20.8(25.8) Unarmed Combat
 - Level 10.8 Invocations


You had 11 spell levels left.
You didn't know any spells.

Dungeon Overview and Level Annotations

Branches:
Dungeon (1/1)

Altars:
Cheibriados
Dithmenos
Elyvilon
Fedhas
Gozag
Kikubaaqudgha
Makhleb
Nemelex Xobeh
Okawaru
Qazlal
Ru
Sif Muna
Trog
Vehumet
Xom
Yredelemnul
Zin
The Shining One
Beogh
Jiyva
Lugonu

Shops:
D ::=(


Innate Abilities, Weirdness & Mutations

You can walk through water.
Your dull iron-grey scales are very hard (AC +13).
Your body does not fit into most forms of armour.
You can survive without breathing.
Your cold-blooded metabolism reacts poorly to cold.


Message History

You punch the Hell Sentinel, but do no damage.
The Hell Sentinel is almost dead.
The lich casts a spell.
The Hell Sentinel gestures at you. The iron shot hits you!
* * * LOW HITPOINT WARNING * * *
Drink which item? (? for menu, Esc to quit)
You feel much better.
The lich casts a spell.
The rakshasa weaves an illusion.
The Hell Sentinel hits you.
* * * LOW HITPOINT WARNING * * *
The Hell Sentinel completely misses you.
Drink which item? (? for menu, Esc to quit)
You feel much better. The Hell Sentinel misses you. The Hell Sentinel hits you!
* * * LOW HITPOINT WARNING * * *
Drink which item? (? for menu, Esc to quit)
You feel much better. The Hell Sentinel gestures at you.
The iron shot hits you!
Ouch! That really hurt!
You die...

▓▓▓▓▓▓▓▓▓▓▓▓▓▓▓▓▓▓▓▓▓▓▓▓▓▓
......?...).....@1KRLKs...
▓▓▓▓▓▓▓▓▓▓▓▓▓▓▓▓▓▓▓▓▓▓▓▓▓▓▓▓▓▓▓▓▓
......................)..........
▓▓▓▓▓▓▓▓▓▓▓▓▓▓▓▓▓▓▓▓▓▓▓▓▓▓▓▓▓▓▓▓▓
).......)...))∩.∩.∩)∩[....'......
▓▓▓▓▓▓▓▓▓▓▓▓▓▓▓▓▓▓▓▓▓▓▓▓▓▓▓▓▓▓▓▓▓
...[.............................
▓▓▓▓▓▓▓▓▓▓▓▓▓▓▓▓▓▓▓▓▓▓▓▓▓▓▓▓▓▓▓▓▓
÷........'.÷........[['..[[[[..'.


You could see a Hell Sentinel, a lich, a rakshasa, a giant cockroach and 2
kobolds.

Vanquished Creatures
  2 very ugly things (D)
  A fire giant (D)
  Gastronok (D)
  6 ogre magi (D)
  A hydra (D)
  A centaur warrior (D)
  A deep troll earth mage (D)
  A deep troll shaman (D)
  An orc high priest (D)
  2 hill giants (D)
  An orc knight (D)
  2 lindwurms (D)
  A black mamba (D)
  An orange demon (D)
  Psyche (D)
  A fire drake (D)
  A tengu conjurer (D)
  A troll (D)
  5 two-headed ogres (D)
  A spriggan (shapeshifter) (D)
  A yak (D)
  Eustachio (D)
  2 hippogriffs (D)
  A porcupine (D)
  A wasp (D)
  12 orc warriors (D)
  2 ice beasts (D)
  A boring beetle (D)
  2 ogres (D)
  A crocodile (D)
  3 orc priests (D)
  A crimson imp (D)
  2 hounds (D)
  3 river rats (D)
  2 adders (D)
  2 shadow imps (D)
  6 worms (D)
  An adder skeleton (D)
  A giant gecko (D)
  10 orcs (D)
  A ball python (D)
  A bat (D)
  A bat zombie (D)
  2 goblins (D)
  2 hobgoblins (D)
  5 quokkas (D)
  A kobold (D)
  A rat (D)
  A ballistomycete (D)
102 creatures vanquished.

Vanquished Creatures (others)
  An adder skeleton (D)
  A giant spore (D)
  A jackal zombie (D)
3 creatures vanquished.

Grand Total: 105 creatures vanquished

Notes
Turn   | Place    | Note
--------------------------------------------------------------
     0 | D        | PolkaDot, the Draconian Monk, began the quest for the Orb.
     0 | D        | Reached XP level 1. HP: 19/19 MP: 1/1
    33 | D        | Noticed an orc priest
    41 | D        | Reached skill level 5 in Unarmed Combat
    41 | D        | Reached XP level 2. HP: 14/27 MP: 2/2
    53 | D        | Killed an orc priest
    53 | D        | Reached skill level 5 in Fighting
    53 | D        | Reached skill level 6 in Unarmed Combat
    53 | D        | Reached XP level 3. HP: 18/36 MP: 3/3
   243 | D        | Found a glowing silver altar of Zin.
   243 | D        | Found a glowing golden altar of the Shining One.
   243 | D        | Found an ancient bone altar of Kikubaaqudgha.
   243 | D        | Found a basalt altar of Yredelemnul.
   243 | D        | Found a shimmering altar of Xom.
   243 | D        | Found a radiant altar of Vehumet.
   243 | D        | Found an iron altar of Okawaru.
   244 | D        | Found a burning altar of Makhleb.
   245 | D        | Found a deep blue altar of Sif Muna.
   246 | D        | Found a bloodstained altar of Trog.
   247 | D        | Found a sparkling altar of Nemelex Xobeh.
   248 | D        | Found a white marble altar of Elyvilon.
   249 | D        | Found a roughly hewn altar of Beogh.
   250 | D        | Found a viscous altar of Jiyva.
   251 | D        | Found a corrupted altar of Lugonu.
   252 | D        | Found a blossoming altar of Fedhas.
   253 | D        | Found a snail-covered altar of Cheibriados.
   254 | D        | Found a shadowy altar of Dithmenos.
   255 | D        | Found a stormy altar of Qazlal.
   256 | D        | Found an opulent altar of Gozag.
   257 | D        | Found a sacrificial altar of Ru.
   268 | D        | Became a worshipper of Warmaster Okawaru
   268 | D        | Acquired Okawaru's first power
   315 | D        | Noticed an ice beast
   315 | D        | Noticed a wasp
   315 | D        | Noticed a yak
   326 | D        | Killed an ice beast
   326 | D        | Reached skill level 5 in Dodging
   326 | D        | Reached skill level 8 in Unarmed Combat
   326 | D        | Reached XP level 4. HP: 41/45 MP: 4/4
   326 | D        | Reached XP level 5. HP: 46/51 MP: 5/5
   332 | D        | Killed a wasp
   332 | D        | Reached skill level 9 in Unarmed Combat
   343 | D        | Killed a yak
   343 | D        | Reached skill level 10 in Unarmed Combat
   343 | D        | Reached XP level 6. HP: 28/62 MP: 6/6
   525 | D        | Noticed a troll
   525 | D        | Noticed a hippogriff
   525 | D        | Noticed a hill giant
   525 | D        | Noticed an orc warrior
   529 | D        | Killed a troll
   529 | D        | Reached skill level 11 in Unarmed Combat
   529 | D        | Your scales start taking on a dull iron-grey colour.
   529 | D        | Gained mutation: You can survive without breathing. [draconian maturity]
   529 | D        | Reached XP level 7. HP: 63/70 MP: 7/7
   543 | D        | Killed a hippogriff
   545 | D        | Killed an orc warrior
   545 | D        | Reached skill level 12 in Unarmed Combat
   546 | D        | Killed a hill giant
   546 | D        | Acquired Okawaru's second power
   546 | D        | Reached skill level 10 in Fighting
   546 | D        | Reached XP level 8. HP: 39/79 MP: 8/8
   832 | D        | Noticed a hound
   832 | D        | Noticed a hound
   853 | D        | Killed a hound
   856 | D        | Killed a hound
   856 | D        | Reached skill level 13 in Unarmed Combat
   881 | D        | Noticed a hippogriff
   881 | D        | Noticed an eight-headed hydra
   881 | D        | Noticed a boring beetle
   881 | D        | Noticed a crocodile
   881 | D        | Noticed a fire drake
   883 | D        | Noticed a porcupine
   889 | D        | Killed a hippogriff
   889 | D        | Reached skill level 1 in Invocations
   894 | D        | Noticed a black mamba
   894 | D        | Killed an eight-headed hydra
   894 | D        | Received a gift from Okawaru
   894 | D        | Reached skill level 14 in Unarmed Combat
   901 | D        | Killed a boring beetle
   901 | D        | Reached skill level 5 in Invocations
   901 | D        | Reached XP level 9. HP: 41/89 MP: 7/17
   905 | D        | Killed a crocodile
   907 | D        | Killed a fire drake
   911 | D        | Killed a porcupine
   919 | D        | Killed a black mamba
   919 | D        | Reached skill level 15 in Unarmed Combat
  1043 | D        | Identified a +0 pair of boots of running {god gift} (Okawaru gifted it to you in the Dungeon)
  1091 | D        | Noticed a lindwurm
  1091 | D        | Noticed a lindwurm
  1115 | D        | Killed a lindwurm
  1121 | D        | Killed a lindwurm
  1121 | D        | Reached skill level 16 in Unarmed Combat
  1354 | D        | Noticed Gastronok
  1372 | D        | Killed Gastronok
  1372 | D        | Reached XP level 10. HP: 64/101 MP: 21/23
  1520 | D        | Noticed an orc warrior
  1520 | D        | Noticed an orc priest
  1520 | D        | Noticed an orc priest
  1529 | D        | Killed an orc warrior
  1540 | D        | Killed an orc priest
  1542 | D        | Killed an orc priest
  1657 | D        | Noticed an orc knight
  1657 | D        | Noticed an orc warrior
  1657 | D        | Noticed an orc warrior
  1657 | D        | Noticed an orc warrior
  1657 | D        | Noticed an orc warrior
  1657 | D        | Noticed an orc warrior
  1657 | D        | Noticed an orc warrior
  1665 | D        | Noticed an orc warrior
  1665 | D        | Killed an orc knight
  1665 | D        | Received a gift from Okawaru
  1665 | D        | Reached skill level 17 in Unarmed Combat
  1669 | D        | Killed an orc warrior
  1670 | D        | Noticed an orc high priest
  1672 | D        | Killed an orc warrior
  1675 | D        | Noticed an orc warrior
  1676 | D        | Killed an orc warrior
  1678 | D        | Noticed a soul eater
  1682 | D        | Killed an orc warrior
  1682 | D        | Reached skill level 10 in Invocations
  1686 | D        | Killed an orc warrior
  1696 | D        | Noticed an orc warrior
  1699 | D        | Noticed an orc warrior
  1702 | D        | Killed an orc warrior
  1707 | D        | Killed an orc warrior
  1718 | D        | Killed an orc high priest
  1721 | D        | Killed an orc warrior
  1727 | D        | Killed an orc warrior
  1733 | D        | Killed an orc warrior
  1876 | D        | Found Qoteo's Book Emporium.
  1876 | D        | Noticed a two-headed ogre
  1876 | D        | Noticed an ogre
  1876 | D        | Noticed a two-headed ogre
  1876 | D        | Noticed an ogre mage
  1876 | D        | Noticed a two-headed ogre
  1876 | D        | Noticed a two-headed ogre
  1880 | D        | Noticed an ogre mage
  1880 | D        | Killed a two-headed ogre
  1882 | D        | Killed an ogre
  1882 | D        | Reached skill level 18 in Unarmed Combat
  1884 | D        | Killed a two-headed ogre
  1891 | D        | Killed an ogre mage
  1891 | D        | Reached XP level 11. HP: 108/111 MP: 25/25
  1893 | D        | Killed a two-headed ogre
  1898 | D        | Killed an ogre mage
  1898 | D        | Reached skill level 15 in Fighting
  1903 | D        | Killed a two-headed ogre
  1904 | D        | Noticed an ogre mage
  1906 | D        | Found Defe's Book Shoppe.
  1906 | D        | Noticed an ogre mage
  1909 | D        | Found Supteof's Jewellery Emporium.
  1915 | D        | Killed an ogre mage
  1916 | D        | Found Ywaqocs' Antique Weapon Shoppe.
  1918 | D        | Noticed an ogre
  1921 | D        | Killed an ogre mage
  1921 | D        | Reached skill level 10 in Dodging
  1921 | D        | Reached skill level 19 in Unarmed Combat
  1924 | D        | Noticed a two-headed ogre
  1926 | D        | Killed an ogre
  1927 | D        | Noticed an ogre mage
  1927 | D        | Noticed an ogre mage
  1930 | D        | Killed a two-headed ogre
  1930 | D        | Received a gift from Okawaru
  1939 | D        | Killed an ogre mage
  1943 | D        | Killed an ogre mage
  2145 | D        | Bought the ring "Dydwon" {EV+4 Stlth+} for 503 gold pieces
  2177 | D        | Noticed Eustachio
  2187 | D        | Killed Eustachio
  2239 | D        | Noticed Psyche
  2258 | D        | Killed Psyche
  2330 | D        | Noticed a tengu conjurer
  2330 | D        | Noticed a hill giant
  2330 | D        | Noticed an ice beast
  2330 | D        | Noticed a spriggan
  2330 | D        | Noticed a crimson imp
  2335 | D        | Killed a tengu conjurer
  2338 | D        | Killed a hill giant
  2340 | D        | Noticed a deep troll earth mage
  2347 | D        | Killed an ice beast
  2349 | D        | Noticed a fire giant
  2350 | D        | Killed a spriggan
  2353 | D        | Killed a crimson imp
  2357 | D        | Killed a deep troll earth mage
  2357 | D        | Reached skill level 20 in Unarmed Combat
  2370 | D        | Killed a fire giant
  2370 | D        | Received a gift from Okawaru
  2370 | D        | Reached XP level 12. HP: 30/124 MP: 26/26
  2680 | D        | Noticed a deep troll shaman
  2681 | D        | Noticed a centaur warrior
  2682 | D        | Noticed a white very ugly thing
  2683 | D        | Noticed a rakshasa
  2684 | D        | Noticed a lich
  2693 | D        | Killed a deep troll shaman
  2695 | D        | Killed a centaur warrior
  2717 | D        | Killed a white very ugly thing
  2726 | D        | Killed a white very ugly thing
  2727 | D        | Noticed a Hell Sentinel
  2743 | D        | HP: 6/124 [Hell Sentinel/iron shot[a lich] (56)]
  2746 | D        | Killed from afar by a Hell Sentinel

Action                   |  1- 3 |  4- 6 |  7- 9 | 10-12 || total
-------------------------+-------+-------+-------+-------++-------
Melee: Unarmed           |    47 |    20 |   111 |   236 ||   414
Invok: Heroism           |       |       |     2 |     3 ||     5
Evoke: Wand              |       |       |     7 |       ||     7
  Use: Potion            |     3 |       |     1 |     4 ||     8
       Scroll            |       |       |     4 |       ||     4
 Stab: Invisible         |     2 |     3 |       |       ||     5
       Sleeping          |     1 |       |     1 |       ||     2
       Confused          |       |       |     2 |       ||     2
  Eat: Chunk             |       |       |     2 |       ||     2
       Bread ration      |       |       |       |     1 ||     1
